[Event "Titled Tuesday Blitz May 16 Late 2023"]
[White "Schnaider, Ilan"]
[Black "Pakleza, Zbigniew"]
[WhiteFideId "169013"]
[BlackFideId "1119290"]
[WhiteElo "2224"]
[BlackElo "2410"]
[Result "1/2-1/2"]
[Round "09"]
[TimeControl "180+2"]
[Date "2023.05.16"]
[WhiteClock "0:00:03"]
[BlackClock "0:00:03"]

1. e4 d6 2. d4 Nf6 3. Nc3 c6 4. f4 Qb6 5. Nf3 Bg4 6. Be2 Bxf3 7. Bxf3 e5 8. Be3 Qxb2 9. Ne2 Qa3 10. Qd2 Nbd7 11. O-O Be7 12. Rab1 b5 13. Ng3 g6 14. f5 Nb6 15. Bg5 Nc4 16. Qf2 Ng4 17. Bxg4 Bxg5 18. Rb3 Be3 19. Qxe3 Nxe3 20. Rxa3 Nxg4 21. h3 Nh6 22. dxe5 dxe5 23. Rc3 Kd7 24. fxg6 fxg6 25. Rf6 Rac8 26. Rc5 Rhf8 27. Rcxc6 Rxc6 28. Rxf8 Rxc2 29. Rh8 Nf7 30. Rxh7 Ke6 31. h4 Rxa2 32. Rh6 b4 33. Rxg6+ Kd7 34. Rg7 Ke8 35. Rg8+ Kd7 36. Rg7 b3 37. Rxf7+ Kc6 38. Nf1 a5 39. h5 Ra1 40. Rf2 a4 41. h6 a3 42. h7 b2 43. h8=Q b1=Q 44. Qxe5 Qb6 45. Qd5+ Kc7 46. Qe5+ Kb7 47. Qd5+ Ka7 48. Qd7+ Ka6 49. Qa4+ Kb7 50. Qd7+ Ka6 51. Qd3+ Ka7 52. Qd7+ Ka6 1/2-1/2


[Site "https://www.chess.com"]

[Event "Titled Tuesday Blitz May 16 Late 2023"]
[White "Hayrapetyan, Hovik"]
[Black "Mendez Fortes, Eduardo Jesus"]
[WhiteFideId "13302639"]
[BlackFideId "3502376"]
[WhiteElo "2348"]
[BlackElo "2307"]
[Result "0-1"]
[Round "09"]
[TimeControl "180+2"]
[Date "2023.05.16"]
[WhiteClock "0:00:00"]
[BlackClock "0:00:21"]

1. d4 Nf6 2. c4 e6 3. Nc3 Bb4 4. Nf3 d5 5. Qa4+ Nc6 6. a3 Bxc3+ 7. bxc3 O-O 8. Bg5 h6 9. Bh4 g5 10. Bg3 Ne4 11. e3 Nxc3 12. Qc2 Ne4 13. Bd3 Nxg3 14. hxg3 Kg7 15. Ke2 Qf6 16. Rh5 dxc4 17. Be4 e5 18. Bxc6 Bg4 19. Rah1 exd4 20. Qxc4 Bxh5 21. Rxh5 bxc6 22. Nxd4 Rad8 23. g4 Rd5 24. Nxc6 Qb2+ 25. Kf3 Rd6 26. Kg3 Rf6 27. f3 Re8 28. e4 Qd2 29. Nd4 Qf4+ 30. Kh3 Rd8 31. Nf5+ Rxf5 32. gxf5 Rd1 33. Qc3+ Kh7 34. g3 g4+ 35. Kg2 Rd2+ 36. Kf1 Qxf3+ 37. Qxf3 gxf3 38. g4 Rg2 39. e5 Rxg4 40. Kf2 Re4 41. e6 fxe6 42. fxe6 Rxe6 43. Rc5 c6 44. Kxf3 Kg6 45. Kf4 h5 46. Rg5+ Kh6 47. Rc5 Rf6+ 48. Ke5 Rg6 49. Kf4 h4 50. Ra5 h3 51. Rxa7 h2 52. Ra8 Kh7 53. Ra7+ Rg7 0-1


[Site "https://www.chess.com"]

[Event "Titled Tuesday Blitz May 16 Late 2023"]
[White "TimGrutter03"]
[Black "Makridis, Dimitrios"]
[BlackFideId "25864475"]
[WhiteElo "2639"]
[BlackElo "2277"]
[Result "0-1"]
[Round "09"]
[TimeControl "180+2"]
[Date "2023.05.16"]
[WhiteClock "0:00:02"]
[BlackClock "0:00:20"]

1. e4 c5 2. Nf3 d6 3. d4 cxd4 4. Nxd4 Nf6 5. Nc3 Nc6 6. g3 g6 7. Nde2 Bg7 8. Bg2 O-O 9. O-O Bd7 10. h3 Rc8 11. Nf4 Ne5 12. Ncd5 Nxd5 13. Nxd5 b5 14. c3 a5 15. Bg5 Nc6 16. Qe2 h6 17. Be3 b4 18. cxb4 Nxb4 19. Bb6 Qe8 20. Nc7 Rxc7 21. Bxc7 Bb5 22. Qd2 Bxf1 23. Rxf1 Qb5 24. a3 Nd3 25. Bxa5 Nxb2 26. Rb1 Qe5 27. Bb4 Na4 28. Qc2 Nc5 29. Rc1 Rc8 30. Qc4 Rc7 31. Bc3 Qg5 32. Bxg7 Ne6 33. Qxc7 Nxc7 34. Rxc7 Kxg7 35. a4 Kf6 36. Bf1 Qa5 37. Rc4 h5 38. Kg2 h4 39. g4 d5 40. exd5 Qxd5+ 41. Kg1 g5 42. Rc3 e6 43. Bb5 Qd1+ 44. Kg2 Kg7 45. Re3 Qd5+ 46. Kg1 f5 47. gxf5 exf5 48. Re7+ Kf6 49. Re8 g4 50. Rf8+ Kg5 51. hxg4 fxg4 52. Re8 h3 53. Rf8 Qg2# 0-1


[Site "https://www.chess.com"]

[Event "Titled Tuesday Blitz May 16 Late 2023"]
[White "Kuznetsov, Felix"]
[Black "Saveliev, Alexei"]
[WhiteFideId "34147990"]
[BlackFideId "24128546"]
[WhiteElo "2281"]
[BlackElo "2271"]
[Result "1-0"]
[Round "09"]
[TimeControl "180+2"]
[Date "2023.05.16"]
[WhiteClock "0:00:04"]
[BlackClock "0:00:00"]

1. e4 g6 2. d4 Bg7 3. Nc3 d6 4. Be3 Nc6 5. Qd2 e5 6. Nge2 f5 7. f3 Nf6 8. O-O-O O-O 9. exf5 Bxf5 10. h4 e4 11. fxe4 Bxe4 12. Ng3 d5 13. Ncxe4 Nxe4 14. Nxe4 dxe4 15. Bc4+ Kh8 16. h5 g5 17. h6 Bf6 18. Rhf1 Qd6 19. c3 Na5 20. Be2 Qd5 21. b3 b5 22. g4 Be7 23. Rf5 Rxf5 24. gxf5 Rg8 25. f6 Bxf6 26. Rf1 Rg6 27. Bg4 Rxh6 28. Rf5 Qd6 29. Kb2 Be7 30. Bxg5 Rh2 31. Be2 Qa3+ 32. Kb1 Rh1+ 33. Bd1 Nxb3 34. Qc2 Bxg5 35. Rxg5 1-0


[Site "https://www.chess.com"]

[Event "Titled Tuesday Blitz May 16 Late 2023"]
[White "Piesik, Piotr"]
[Black "Smirnov, Pavel"]
[WhiteFideId "1136194"]
[BlackFideId "4123425"]
[WhiteElo "2299"]
[BlackElo "2520"]
[Result "0-1"]
[Round "09"]
[TimeControl "180+2"]
[Date "2023.05.16"]
[WhiteClock "0:00:31"]
[BlackClock "0:01:43"]

1. Nf3 Nf6 2. g3 d5 3. Bg2 e6 4. O-O Be7 5. d3 O-O 6. Nbd2 c5 7. e4 Nc6 8. Re1 dxe4 9. dxe4 e5 10. c3 Qc7 11. Qc2 h6 12. Nc4 Be6 13. Ne3 c4 14. Nh4 Rfd8 15. Nhf5 Bf8 16. Nd5 Nxd5 17. exd5 Bxd5 18. Bxd5 Rxd5 19. Qe4 Rc5 20. Be3 Rb5 21. Re2 Ne7 22. Rd1 Nxf5 23. Qxf5 g6 24. Qh3 h5 25. Rd7 Qc6 26. Red2 f5 27. Bh6 Rxb2 28. Bxf8 Rb1+ 29. Rd1 Qxd7 30. Rxb1 Rxf8 31. Qh4 e4 32. Qg5 Kg7 33. h4 b6 34. a4 Qxa4 35. Qe7+ Rf7 36. Qe5+ Kh7 37. Qe6 Qd7 38. Qxc4 Re7 39. Qb3 e3 40. Rd1 e2 41. Re1 Qd2 42. Qb1 Rc7 43. Qa1 Qxc3 44. Qxc3 Rxc3 45. Rxe2 Rc7 46. Kg2 Rb7 47. Kf3 b5 48. Kf4 b4 49. Kg5 b3 50. Re6 b2 51. Rxg6 b1=Q 52. Rh6+ Kg8 53. Rg6+ Kf8 0-1


[Site "https://www.chess.com"]

[Event "Titled Tuesday Blitz May 16 Late 2023"]
[White "Averjanov, Alexey"]
[Black "cryptoguru02"]
[WhiteFideId "14109867"]
[WhiteElo "2781"]
[BlackElo "2624"]
[Result "1-0"]
[Round "09"]
[TimeControl "180+2"]
[Date "2023.05.16"]
[WhiteClock "0:02:28"]
[BlackClock "0:01:51"]

1. d4 d5 2. c4 c6 3. e3 Nf6 4. Bd3 e6 5. Nd2 b6 6. Ngf3 Bb7 7. O-O Nbd7 8. Qe2 Be7 9. e4 dxe4 10. Nxe4 O-O 11. Rd1 Qc7 12. Bg5 c5 13. dxc5 Nxc5 14. Nxc5 Qxc5 15. Ne5 Rfd8 16. Bxf6 Bxf6 17. Bxh7+ Kf8 18. Nd7+ Rxd7 19. Rxd7 Qc6 20. Rxb7 Qxb7 21. Be4 1-0


[Site "https://www.chess.com"]

[Event "Titled Tuesday Blitz May 16 Late 2023"]
[White "Klukin, Kirill"]
[Black "Adla, Diego"]
[WhiteFideId "24199273"]
[BlackFideId "100072"]
[WhiteElo "2344"]
[BlackElo "2377"]
[Result "1/2-1/2"]
[Round "09"]
[TimeControl "180+2"]
[Date "2023.05.16"]
[WhiteClock "0:00:06"]
[BlackClock "0:00:07"]

1. f4 e5 2. fxe5 d6 3. Nf3 dxe5 4. e4 Be6 5. c3 Nf6 6. Nxe5 Nbd7 7. Nxd7 Qxd7 8. d3 O-O-O 9. Be2 h5 10. Bg5 Be7 11. Nd2 Ng4 12. Bxe7 Qxe7 13. Qa4 Kb8 14. Nf1 f5 15. h3 fxe4 16. Bxg4 hxg4 17. Qxe4 Rhe8 18. O-O-O gxh3 19. gxh3 Qf7 20. Qa4 Bxa2 21. Nd2 Bd5 22. Rhf1 Qg6 23. Ne4 Qh6+ 24. Kb1 Qxh3 25. Nc5 Bc6 26. Qb4 Qh5 27. Rfe1 Rxe1 28. Rxe1 Qf7 29. Ne6 Re8 30. Qc4 Qd7 31. Kc2 Kc8 32. Re5 a6 33. d4 b5 34. Qe2 Qd6 35. Nc5 Rxe5 36. Qxe5 Qxe5 37. dxe5 a5 38. Kd3 Bd5 39. Ke3 c6 40. Kf4 a4 41. Kg5 Bf7 42. Kf5 Kd8 43. Nb7+ Ke7 44. Nc5 Be8 45. Kg5 g6 46. Kf4 Kf7 47. Kg5 Kg7 48. Ne6+ Kf7 49. Nc5 Ke7 50. Kh6 Kf7 51. Kg5 1/2-1/2


[Site "https://www.chess.com"]

[Event "Titled Tuesday Blitz May 16 Late 2023"]
[White "Melikyan, Gnel"]
[Black "Tristan, Leonardo"]
[WhiteFideId "54109990"]
[BlackFideId "113816"]
[WhiteElo "2138"]
[BlackElo "2461"]
[Result "0-1"]
[Round "09"]
[TimeControl "180+2"]
[Date "2023.05.16"]
[WhiteClock "0:01:00"]
[BlackClock "0:00:14"]

1. e4 d5 2. exd5 Qxd5 3. Nc3 Qa5 4. Nf3 Nf6 5. Bc4 Nc6 6. O-O Bg4 7. h3 Bh5 8. Be2 O-O-O 9. d3 e6 10. Re1 Bb4 11. Bd2 Nd5 12. Nxd5 Bxd2 13. Qxd2 Qxd2 14. Nxd2 Rxd5 15. Bxh5 Rxh5 16. c3 Rd8 17. d4 e5 18. Nf3 exd4 19. cxd4 Rhd5 20. Rac1 Nxd4 21. Nxd4 Rxd4 22. Re7 R4d7 23. Re2 Rd1+ 24. Rxd1 Rxd1+ 25. Kh2 Kd7 26. Kg3 c5 27. Kf3 c4 28. Ke3 Rd3+ 29. Ke4 Kd6 30. Rc2 b5 31. a4 a6 32. axb5 axb5 33. Re2 Kc5 34. Kf4 Rd7 35. g4 Kb4 36. f3 Kb3 37. h4 b4 38. h5 c3 39. bxc3 bxc3 40. Re8 Rc7 41. Rb8+ Kc4 42. Ke3 Re7+ 43. Kf2 c2 44. Rc8+ Kd3 45. Rd8+ Kc3 46. Rc8+ Kd2 47. Rd8+ Kc1 48. Rc8 Rb7 49. Ke3 Kb2 50. Rc7 Rxc7 0-1


[Site "https://www.chess.com"]

[Event "Titled Tuesday Blitz May 16 Late 2023"]
[White "Ivanisevic, Ivan"]
[Black "AyMitecK"]
[WhiteFideId "912417"]
[WhiteElo "2592"]
[BlackElo "2566"]
[Result "1-0"]
[Round "09"]
[TimeControl "180+2"]
[Date "2023.05.16"]
[WhiteClock "0:00:18"]
[BlackClock "0:00:24"]

1. d4 Nf6 2. Nf3 g6 3. Nc3 d5 4. Bf4 Bg7 5. Nb5 Na6 6. e3 c6 7. Nc3 Nc7 8. Bd3 O-O 9. Ne5 Nce8 10. h4 Nd6 11. h5 Bf5 12. Bxf5 Nxf5 13. g4 Nd6 14. Qf3 Nfe4 15. hxg6 fxg6 16. Qh3 h5 17. gxh5 g5 18. Qe6+ Kh7 19. Bxg5 Bxe5 20. dxe5 Nf5 21. Qg6+ Kh8 22. Nxe4 dxe4 23. Rg1 Qa5+ 24. c3 Qxe5 25. Bf4 Qb5 26. O-O-O Rf6 27. Qg5 Rf7 28. h6 e5 29. h7 Ng7 30. Bxe5 Kxh7 31. Bxg7 Qxg5 32. Rxg5 Rxg7 33. Rxg7+ Kxg7 34. Rd7+ Kf6 35. Rxb7 Ke6 36. Rb4 Kd5 37. Rd4+ Ke5 38. b4 Rf8 39. Rd2 Rh8 40. Kc2 Rh1 41. a4 Ra1 42. a5 Rf1 43. Kb3 a6 44. Kc4 Rc1 45. Rd8 Rc2 46. Re8+ Kd6 47. Rf8 Ke7 48. Rf4 Kd6 49. Rxe4 Rxf2 50. Rf4 Re2 51. Rf6+ Kd7 52. Rf3 Kd6 53. Kd3 Re1 54. Rf6+ Kd7 55. Rf4 Kd6 56. Rh4 Rd1+ 57. Kc4 Re1 58. e4 Kd7 59. Kc5 Re3 60. c4 Kc7 61. Rh7+ Kd8 62. Kxc6 Rxe4 63. Kc5 Re5+ 64. Kb6 Re6+ 65. Ka7 Re7+ 66. Rxe7 Kxe7 67. b5 Kd7 68. b6 Kc6 69. b7 Kc5 70. b8=Q Kxc4 71. Qc8+ Kd4 72. Kxa6 Kd3 73. Kb6 Ke3 74. a6 Ke2 75. a7 Kf2 76. a8=Q Kf1 77. Qf3+ Kg1 78. Qc1+ Kh2 79. Qch1# 1-0


[Site "https://www.chess.com"]

[Event "Titled Tuesday Blitz May 16 Late 2023"]
[White "Wagner, Dennis"]
[Black "Spitzl, Vinzent"]
[WhiteFideId "24650684"]
[BlackFideId "12901253"]
[WhiteElo "2478"]
[BlackElo "2225"]
[Result "1/2-1/2"]
[Round "09"]
[TimeControl "180+2"]
[Date "2023.05.16"]
[WhiteClock "0:00:09"]
[BlackClock "0:00:16"]

1. e4 c5 2. Nf3 d6 3. Bb5+ Nc6 4. O-O Bd7 5. c3 a6 6. Bxc6 Bxc6 7. Re1 g6 8. d4 cxd4 9. cxd4 Bg7 10. Nc3 Nf6 11. d5 Bd7 12. Be3 O-O 13. Rc1 Rc8 14. h3 Qa5 15. Qb3 Bb5 16. a4 Bc4 17. Qxb7 Rc7 18. Qb6 Qxb6 19. Bxb6 Rb7 20. a5 Nd7 21. Nd2 Nxb6 22. axb6 Bb5 23. Nxb5 axb5 24. Rc6 Rfb8 25. b4 Rxb6 26. Rec1 Bb2 27. Rxb6 Rxb6 28. Rb1 Bc3 29. Nf3 Ra6 30. Rb3 Bf6 31. g3 Ra2 32. Kg2 h5 33. g4 hxg4 34. hxg4 Rb2 35. Rxb2 Bxb2 36. Ne1 Bc3 37. Nd3 g5 38. f3 Kg7 39. Kf2 e6 40. dxe6 fxe6 41. Ke3 Kf6 42. f4 gxf4+ 43. Kxf4 e5+ 44. Kf3 Kg5 45. Kg3 Bd2 46. Kh3 Bc3 47. Kg3 Bd2 48. Kh3 Bc3 49. Kg3 1/2-1/2


[Site "https://www.chess.com"]

[Event "Titled Tuesday Blitz May 16 Late 2023"]
[White "Timmermans, Mark"]
[Black "ArtemDyachuk"]
[WhiteFideId "1026399"]
[WhiteElo "2460"]
[BlackElo "2530"]
[Result "0-1"]
[Round "09"]
[TimeControl "180+2"]
[Date "2023.05.16"]
[WhiteClock "0:00:02"]
[BlackClock "0:00:14"]

1. Nf3 Nf6 2. c4 e6 3. b3 d5 4. e3 c5 5. Bb2 Be7 6. cxd5 exd5 7. Bb5+ Bd7 8. Bxd7+ Nbxd7 9. O-O O-O 10. d4 Re8 11. Nc3 b6 12. dxc5 Nxc5 13. Nd4 Bd6 14. h3 Bc7 15. Ncb5 Bb8 16. Qe2 Nfe4 17. Nc6 Qh4 18. Nxb8 Raxb8 19. Rad1 Rbd8 20. Nc7 Re7 21. Nxd5 Red7 22. Qc4 b5 23. Qxb5 h5 24. Qc4 Qg5 25. Nc3 Nd2 26. Rxd2 Rxd2 27. Bc1 Rc2 28. b4 Nd3 29. Qb3 Rxc1 30. Rxc1 Nxc1 31. Qc2 Nd3 32. Ne4 Qxg2+ 33. Kxg2 Ne1+ 34. Kg3 Nxc2 35. b5 Nb4 36. a4 Nd3 37. a5 g6 38. Kf3 Ne5+ 39. Ke2 Nc4 40. a6 f5 41. Nc3 Rd2+ 42. Ke1 Rc2 43. Nd5 Ne5 44. f4 Nf3+ 45. Kf1 h4 46. b6 Nh2+ 47. Kg1 Nf3+ 48. Kf1 axb6 49. Nxb6 Nh2+ 50. Kg1 Nf3+ 51. Kf1 Ra2 52. Nc8 Nh2+ 53. Kg1 Nf3+ 54. Kf1 Rxa6 0-1


[Site "https://www.chess.com"]

[Event "Titled Tuesday Blitz May 16 Late 2023"]
[White "Kokoszczynski, Jan"]
[Black "Djokic, Mihailo"]
[WhiteFideId "1174460"]
[BlackFideId "976440"]
[WhiteElo "2139"]
[BlackElo "2294"]
[Result "1-0"]
[Round "09"]
[TimeControl "180+2"]
[Date "2023.05.16"]
[WhiteClock "0:00:07"]
[BlackClock "0:00:05"]

1. d4 Nf6 2. c4 g6 3. Nc3 Bg7 4. e4 d6 5. h3 O-O 6. Nf3 Na6 7. Be3 e5 8. d5 Nc5 9. Nd2 a5 10. g4 c6 11. Qf3 a4 12. Be2 Qa5 13. a3 Bd7 14. O-O h5 15. g5 Nh7 16. Qg3 Be8 17. f3 f5 18. Qg2 f4 19. Bf2 Bd7 20. h4 Rfb8 21. Rfd1 Bf8 22. Kh2 Be7 23. Qg1 Na6 24. Bb6 Qxb6 25. Qxb6 c5 26. Bf1 Nf8 27. Bh3 Be8 28. Be6+ Kg7 29. Nb5 Nxe6 30. dxe6 Bc6 31. Qa5 b6 32. Qc3 Rd8 33. Nb1 Rab8 34. Qd2 Rb7 35. N1c3 Bf8 36. Nxa4 Nb8 37. Nac3 Re7 38. Nd5 Rxe6 39. Nbc7 Bxd5 40. cxd5 Re7 41. Ne6+ Rxe6 42. dxe6 Nc6 43. Qd5 Nd4 44. Kg2 Nc2 45. Re1 Be7 46. Rac1 Nd4 47. Rcd1 Kf8 48. Rxd4 exd4 49. Rc1 Re8 50. a4 Rd8 51. b3 Rb8 52. Kf1 Bd8 53. Ke2 Ke7 54. Kd3 Rc8 55. Re1 Bc7 56. Re2 Ra8 57. Qc6 Ra7 58. Qd7+ Kf8 59. Qf7# 1-0


[Site "https://www.chess.com"]

[Event "Titled Tuesday Blitz May 16 Late 2023"]
[White "Deviprasath, Sharvesh"]
[Black "Weetik, Vjacheslav"]
[WhiteFideId "30938228"]
[BlackFideId "4153472"]
[WhiteElo "2168"]
[BlackElo "2469"]
[Result "0-1"]
[Round "09"]
[TimeControl "180+2"]
[Date "2023.05.16"]
[WhiteClock "0:00:14"]
[BlackClock "0:00:19"]

1. e4 c6 2. Nf3 d5 3. d3 g6 4. Nbd2 Bg7 5. e5 c5 6. c3 Nc6 7. d4 cxd4 8. cxd4 Nh6 9. Bd3 O-O 10. O-O f6 11. exf6 exf6 12. Re1 Nf7 13. Nb3 Qd6 14. Be3 b6 15. Rc1 Bd7 16. Qd2 Rfe8 17. Bf4 Rxe1+ 18. Rxe1 Qb4 19. Qxb4 Nxb4 20. Bb1 Bb5 21. Bd2 Nd3 22. Bxd3 Bxd3 23. Re7 a5 24. Bc3 Bf8 25. Rd7 Rd8 26. Rb7 Rd6 27. Nc1 Ba6 28. Ra7 Bb5 29. h3 Rc6 30. Ra8 Nd6 31. Nd2 Kf7 32. f4 Bh6 33. g3 g5 34. fxg5 Bxg5 35. Kf2 Rxc3 36. bxc3 Bxd2 37. Nb3 Bxc3 38. Ra7+ Kg6 39. Ke3 Nf5+ 40. Kf4 Nxd4 41. Nxd4 Bxd4 42. Rb7 0-1


[Site "https://www.chess.com"]

[Event "Titled Tuesday Blitz May 16 Late 2023"]
[White "Bartel, Mateusz"]
[Black "ElDivis"]
[WhiteFideId "1112635"]
[WhiteElo "2521"]
[BlackElo "2508"]
[Result "1-0"]
[Round "09"]
[TimeControl "180+2"]
[Date "2023.05.16"]
[WhiteClock "0:01:03"]
[BlackClock "0:00:07"]

1. Nf3 d5 2. c4 d4 3. b4 c5 4. e3 dxe3 5. fxe3 cxb4 6. d4 g6 7. Bb2 Bh6 8. d5 Nf6 9. e4 O-O 10. Nbd2 Ng4 11. Bd3 Nd7 12. h3 Ne3 13. Qe2 Nc5 14. Kf2 f5 15. e5 Nxd3+ 16. Qxd3 f4 17. e6 Bxe6 18. Qd4 Nf5 19. Qh8+ Kf7 20. Qxh7+ Bg7 21. dxe6+ Kxe6 22. Qxg6+ Rf6 23. Bxf6 Bxf6 24. Rhe1+ Ne3 25. Qe4+ 1-0


[Site "https://www.chess.com"]

[Event "Titled Tuesday Blitz May 16 Late 2023"]
[White "Bryakin, Mikhail"]
[Black "Abduzhaparov"]
[WhiteFideId "4165314"]
[WhiteElo "2467"]
[BlackElo "2424"]
[Result "1-0"]
[Round "09"]
[TimeControl "180+2"]
[Date "2023.05.16"]
[WhiteClock "0:00:37"]
[BlackClock "0:00:00"]

1. e4 d6 2. f4 Nf6 3. Nc3 e5 4. Nf3 Nbd7 5. fxe5 dxe5 6. Bc4 Bc5 7. d3 O-O 8. Bg5 c6 9. Qd2 b5 10. Bb3 a5 11. a4 b4 12. Ne2 Qb6 13. h3 Ba6 14. Ng3 h6 15. Bxf6 Nxf6 16. Nf5 Kh7 17. g4 Rad8 18. Qe2 g6 19. Nxh6 Kxh6 20. g5+ Kg7 21. gxf6+ Kxf6 22. O-O-O Be3+ 23. Kb1 Bf4 24. Rdf1 Kg7 25. h4 Qe3 26. Qg2 Rh8 27. h5 Rh6 28. Nxe5 Bxe5 29. Rxf7+ Kh8 30. hxg6 Bg7 31. Rxh6+ Qxh6 32. Rf1 1-0


[Site "https://www.chess.com"]

[Event "Titled Tuesday Blitz May 16 Late 2023"]
[White "Goltsev, Dmitry"]
[Black "QuiesPrecatio"]
[WhiteFideId "24176710"]
[WhiteElo "2356"]
[BlackElo "2424"]
[Result "1-0"]
[Round "09"]
[TimeControl "180+2"]
[Date "2023.05.16"]
[WhiteClock "0:00:19"]
[BlackClock "0:00:35"]

1. e4 c5 2. Nf3 Nc6 3. d4 cxd4 4. Nxd4 Nf6 5. Nc3 e6 6. Be2 Bb4 7. Qd3 d5 8. exd5 Qxd5 9. Bf3 Qe5+ 10. Be3 Nd5 11. Bxd5 Qxd5 12. O-O Bxc3 13. Qxc3 Nxd4 14. Bxd4 f6 15. Rad1 Qc6 16. Qa3 b6 17. Rfe1 Bb7 18. f3 Kf7 19. Bxf6 Kxf6 20. Rd6 Qc5+ 21. Qxc5 bxc5 22. Rdxe6+ Kf5 23. R1e5+ Kf4 24. Kf2 Bxf3 25. gxf3 Rhd8 26. Re4+ Kf5 27. R6e5+ Kf6 28. Rxc5 Rd2+ 29. Re2 Rad8 30. Rc6+ Kf5 31. Rc7 R2d7 32. Rxd7 Rxd7 33. c4 a5 34. c5 Rc7 35. Rc2 Ke5 36. c6 Kd5 37. f4 Rxc6 38. Rxc6 Kxc6 39. Ke3 Kd5 40. b3 Kc5 41. a3 g6 42. Ke4 h5 43. h4 Kd6 44. b4 axb4 45. axb4 Kc6 46. f5 Kb5 47. fxg6 Kxb4 48. g7 1-0


[Site "https://www.chess.com"]

[Event "Titled Tuesday Blitz May 16 Late 2023"]
[White "Ansh M Shah"]
[Black "Sun, Rick"]
[WhiteFideId "25033379"]
[BlackFideId "30909481"]
[WhiteElo "2084"]
[BlackElo "2169"]
[Result "1/2-1/2"]
[Round "09"]
[TimeControl "180+2"]
[Date "2023.05.16"]
[WhiteClock "0:00:07"]
[BlackClock "0:00:04"]

1. d4 d6 2. Nf3 Nf6 3. g3 g6 4. Bg2 Bg7 5. O-O O-O 6. c4 a6 7. b3 Nc6 8. Bb2 Rb8 9. d5 Na5 10. Bc3 c5 11. Qd2 Ne4 12. Qd3 Nxc3 13. Nxc3 b5 14. Rab1 Bd7 15. Nd2 bxc4 16. bxc4 Rb4 17. a3 Rxb1 18. Rxb1 Qc7 19. e4 Rb8 20. Rxb8+ Qxb8 21. Qb1 Qxb1+ 22. Ncxb1 Bb2 23. Kf1 Ba4 24. Ke1 Kg7 25. Bf1 Bc2 26. Ke2 Nb3 27. Nxb3 Bxb1 28. Nd2 Bc2 29. Ke3 Bxa3 30. Bd3 Bxd3 31. Kxd3 Bb4 32. Nf1 a5 33. Kc2 a4 34. f4 e5 35. Ne3 Kf6 36. Ng4+ Ke7 37. fxe5 h5 38. exd6+ Kxd6 39. e5+ Ke7 40. Nf2 Be1 41. Nd3 Bb4 42. h3 Kd7 43. g4 h4 44. Nf4 Ke7 45. Nd3 Kd7 46. Nf2 Ke7 47. Ne4 Kd7 48. Ng5 Ke7 49. Ne4 Kd7 50. Kb2 Ke7 51. Kc2 1/2-1/2


[Site "https://www.chess.com"]

[Event "Titled Tuesday Blitz May 16 Late 2023"]
[White "Domingo Nunez, Ruben"]
[Black "Wieczorek, Zbigniew"]
[WhiteFideId "22245570"]
[BlackFideId "1102001"]
[WhiteElo "2404"]
[BlackElo "2328"]
[Result "1-0"]
[Round "09"]
[TimeControl "180+2"]
[Date "2023.05.16"]
[WhiteClock "0:01:10"]
[BlackClock "0:00:02"]

1. c4 Nf6 2. Nf3 g6 3. Nc3 Bg7 4. g3 d6 5. Bg2 O-O 6. d4 Nbd7 7. O-O e5 8. dxe5 dxe5 9. Qc2 c6 10. b3 Re8 11. Bb2 Nc5 12. Rad1 Qb6 13. Ba3 Bf5 14. Qc1 a5 15. Qe3 Ncd7 16. c5 Qc7 17. Na4 Nd5 18. Qc1 Be4 19. Bh3 Bxf3 20. exf3 f5 21. Rfe1 Nf8 22. Bf1 Kh8 23. Bc4 Rad8 24. Rd3 Ne6 25. Qd1 Nd4 26. f4 Nxf4 27. gxf4 e4 28. Rde3 Nf3+ 29. Qxf3 exf3 30. Rxe8+ Rxe8 31. Rxe8+ Bf8 32. Rxf8+ Kg7 33. Rf7+ 1-0


[Site "https://www.chess.com"]

[Event "Titled Tuesday Blitz May 16 Late 2023"]
[White "Rodriguez Santiago, Jaime"]
[Black "Maltsevskaya, Aleksandra"]
[WhiteFideId "3100898"]
[BlackFideId "24174041"]
[WhiteElo "2025"]
[BlackElo "2302"]
[Result "0-1"]
[Round "09"]
[TimeControl "180+2"]
[Date "2023.05.16"]
[WhiteClock "0:00:05"]
[BlackClock "0:00:12"]

1. c4 Nf6 2. Nc3 g6 3. g3 Bg7 4. Bg2 d6 5. e4 O-O 6. Nge2 e5 7. d3 Nc6 8. O-O a6 9. h3 b5 10. cxb5 axb5 11. Nxb5 Ba6 12. Nec3 Qb8 13. a4 Nb4 14. Qb3 Nxd3 15. Qc4 Nc5 16. b4 Bxb5 17. Nxb5 Rxa4 18. Rxa4 Nxa4 19. Nxc7 Rc8 20. Qa6 Nc3 21. Nd5 Nfxd5 22. exd5 e4 23. Be3 f5 24. Kh2 Be5 25. Rc1 Kg7 26. b5 Rc4 27. b6 Ra4 28. Qf1 Rb4 29. Qe1 Nxd5 30. Qd2 Nxe3 31. Qxb4 Nd5 32. Qb5 Nxb6 33. Rb1 Bd4 34. Qc6 Bc5 35. Bf1 Qd8 36. Ba6 h5 37. Be2 h4 38. g4 Bxf2 39. gxf5 Qg5 40. Qc3+ Kh6 41. Rf1 Qg3+ 42. Qxg3 hxg3+ 43. Kg2 gxf5 44. h4 Nd5 45. h5 Ne3+ 46. Kh1 Nxf1 47. Bg4 fxg4 48. Kg2 Ne3+ 49. Kh1 g2+ 50. Kh2 g1=Q# 0-1


[Site "https://www.chess.com"]

[Event "Titled Tuesday Blitz May 16 Late 2023"]
[White "Rodriguez Polo, Mateo"]
[Black "Vlassov, Nikolai"]
[WhiteFideId "24509396"]
[BlackFideId "4103360"]
[WhiteElo "2117"]
[BlackElo "2324"]
[Result "0-1"]
[Round "09"]
[TimeControl "180+2"]
[Date "2023.05.16"]
[WhiteClock "0:00:00"]
[BlackClock "0:00:01"]

1. Nf3 c5 2. c4 g6 3. e4 Bg7 4. d4 Qa5+ 5. Bd2 Qb6 6. Bc3 Nc6 7. d5 Nd4 8. Be2 d6 9. O-O f5 10. Nbd2 Nf6 11. e5 dxe5 12. Nxe5 O-O 13. Ndf3 Nxe2+ 14. Qxe2 Ne4 15. Rac1 e6 16. Rfd1 Re8 17. Qe1 exd5 18. cxd5 Nd6 19. Qf1 Qb5 20. Qxb5 Nxb5 21. Nc4 Nxc3 22. bxc3 Bd7 23. Nd6 Reb8 24. c4 a6 25. Rb1 b5 26. cxb5 axb5 27. Re1 Bf8 28. Ne5 Bxd6 29. Nxd7 Rb7 30. Nf6+ Kf7 31. Nxh7 Rxa2 32. Ng5+ Kg7 33. Ne6+ Kh6 34. Re3 g5 35. Rh3+ Kg6 36. Rhb3 b4 37. g3 c4 38. Re3 c3 39. Nd8 Rd7 40. Ne6 f4 41. gxf4 gxf4 42. Re4 Kf5 43. f3 c2 44. Nd4+ Kg5 45. Rc1 b3 46. Nxb3 Ba3 47. Re2 Bxc1 48. Nxc1 Rb2 49. Rd2 Rc7 50. Kf2 Rb1 51. d6 Rd7 52. Nd3 Rxd6 0-1


[Site "https://www.chess.com"]

[Event "Titled Tuesday Blitz May 16 Late 2023"]
[White "Papasimakopoulos, Alexandros"]
[Black "Sargsyan, Anna M."]
[WhiteFideId "4244125"]
[BlackFideId "13308130"]
[WhiteElo "2359"]
[BlackElo "2284"]
[Result "1-0"]
[Round "09"]
[TimeControl "180+2"]
[Date "2023.05.16"]
[WhiteClock "0:01:02"]
[BlackClock "0:00:00"]

1. f4 e5 2. fxe5 d6 3. Nf3 dxe5 4. e4 Nc6 5. Bb5 Bc5 6. d3 Ne7 7. Qe2 O-O 8. Be3 Nd4 9. Nxd4 exd4 10. Bf2 f5 11. Nd2 fxe4 12. Nxe4 Bb4+ 13. c3 dxc3 14. bxc3 Bd6 15. O-O Ng6 16. Bc4+ Kh8 17. Nxd6 Qxd6 18. Bg3 Qb6+ 19. Kh1 Bf5 20. Rab1 Qc6 21. Qf3 Qd7 22. Qxb7 Bxd3 23. Rfd1 Qa4 24. Bxd3 Rad8 25. Qb3 Qg4 26. Bxg6 1-0


[Site "https://www.chess.com"]

[Event "Titled Tuesday Blitz May 16 Late 2023"]
[White "Tanenbaum, Zachary"]
[Black "Romkachess"]
[WhiteFideId "2060850"]
[WhiteElo "2175"]
[BlackElo "2571"]
[Result "1-0"]
[Round "09"]
[TimeControl "180+2"]
[Date "2023.05.16"]
[WhiteClock "0:00:53"]
[BlackClock "0:00:00"]

1. e4 c5 2. Nf3 d6 3. d4 cxd4 4. Nxd4 Nf6 5. Nc3 a6 6. Be3 e5 7. Nb3 Be6 8. f4 Nbd7 9. f5 Bxb3 10. axb3 d5 11. Nxd5 Nxe4 12. Bb5 Bc5 13. Qf3 Bxe3 14. Qxe4 Bd4 15. c3 O-O 16. Bxd7 Qxd7 17. cxd4 Rad8 18. Ra5 b5 19. Nb4 Qc7 20. Nc6 Rxd4 21. Qc2 Rd6 22. Rxa6 h6 23. O-O e4 24. Qc5 1-0


[Site "https://www.chess.com"]